 Dungeon Crawl Stone Soup version 0.25-a0-410-g53dbb631d1 (webtiles) character file.

Game seed: 5301745606512266803, levelgen mode: deterministic

3215 Roran the Blocker (level 9, -12/70 HPs)
             Began as a Centaur Fighter on Jan 13, 2020.
             Was an Elder of Okawaru.
             Mangled by a hornet (14 damage)
             ... on level 8 of the Dungeon.
             The game lasted 00:21:07 (9237 turns).

Roran the Blocker (Centaur Fighter)                 Turns: 9237, Time: 00:21:08

Health: -12/70     AC:  8    Str: 22    XL:     9   Next: 65%
Magic:  9/9        EV:  8    Int:  7    God:    Okawaru [****..]
Gold:   349        SH: 18    Dex:  9    Spells: 8/8 levels left

rFire    . . .     SeeInvis .   a - +0 long sword
rCold    . . .     Gourm    .   c - +3 shield
rNeg     . . .     Faith    +   b - +1 scale mail
rPois    +         Spirit   .   g - +0 helmet
rElec    .         Reflect  .   (no cloak)
rCorr    .         Harm     .   (no gloves)
MR       .....                  (no barding)
Stlth    ..........             u - amulet of faith
HPRegen  0.21/turn              y - ring of poison resistance
MPRegen  0.11/turn              (no ring)

@: very quick
A: large, hooves 3, large bone plates 1, blurry vision 2, deformed body, speed
2, tough skin 3, sturdy frame 1
a: Heroism, Renounce Religion


You were on level 8 of the Dungeon.
You worshipped Okawaru.
Okawaru was greatly pleased with you.
You were not hungry.

You visited 1 branch of the dungeon, and saw 8 of its levels.
You also visited: Ossuary.

You collected 529 gold pieces.
You spent 180 gold pieces at shops.

Inventory:

Hand Weapons
 a - a +0 long sword (weapon)
Armour
 b - a +1 scale mail (worn)
 c - a +3 shield (worn)
 g - a +0 helmet (worn)
Jewellery
 u - an amulet of faith (around neck)
 y - a ring of poison resistance (left hand)
Wands
 i - a wand of digging (4)
 k - a wand of random effects (12)
 t - a wand of acid (4)
 w - a wand of flame (9)
Scrolls
 e - 2 scrolls of immolation
 h - 6 scrolls of identify
 l - 2 scrolls of remove curse
 m - 3 scrolls of amnesia
 p - a scroll of teleportation
Potions
 d - 2 potions of might
 j - 2 potions of brilliance
 n - 2 potions of agility
 o - 3 potions of flight
 q - a potion of lignification
 s - 3 potions of resistance
 x - a potion of magic
 z - a potion of cancellation
 A - a potion of ambrosia {unknown}
Comestibles
 f - 12 rations
 v - a chunk of flesh


   Skills:
 - Level 3.2 Fighting
 - Level 6.5 Long Blades
 - Level 2.5 Armour
 - Level 0.1 Dodging
 * Level 9.2 Shields


You had 8 spell levels left.
You didn't know any spells.
Your spell library was empty.

Dungeon Overview and Level Annotations

Branches:
Dungeon (8/15)             Temple (0/1) D:7            Lair (0/6) D:8
Ossuary (visited)

Altars:
Ashenzari
Cheibriados
Dithmenos
Okawaru
Ru
Uskayaw
Vehumet
Zin


Innate Abilities, Weirdness & Mutations

You have hooves in place of feet.
Armour fits poorly on your strangely shaped body.
You cover ground very quickly.
You have extremely tough skin. (AC +3)
You are partially covered in large bone plates. (SH +4)
Scrolls take you longer to read.
Your movements are slightly less encumbered by armour. (ER -2)


Message History

You feel as though you will be slow longer.
You barely miss the hornet.
The hornet is lightly wounded.
You feel sick. The hornet stings you!
* * * LOW HITPOINT WARNING * * *
You block the hornet's attack.
The hornet stings you but does no damage.
Okay, then.
You feel better. The hornet stings you!
* * * LOW HITPOINT WARNING * * *
You block the hornet's attack.
You feel yourself speed up. The hornet stings you.
* * * LOW HITPOINT WARNING * * *
Okay, then.
Okay, then.
You closely miss the hornet. Your kick misses the hornet.
The hornet is lightly wounded.
The hornet barely misses you. The hornet stings you!
You die...

### ..# #.# # #.# #######
#. #.####.....##
####.###........#..###
.>[..........###@##..#
#+####.##....#.#y##..#
#.##....##.#.#..#
#.#######.#.##..# #.#
#####.#.#..# .
#.####..#.#.##..#########
#.
#....#..##+###.....≈≈≈≈≈≈
#.#######.#...#
#............
.......##.#...#
#.......≈..≈.


You could see a hornet.

Vanquished Creatures
  Joseph (D:8)
  A hornet (D:8)
  A hippogriff (D:8)
  A soldier ant (D:8)
  An orc warrior (D:7)
  2 black bears
  3 ice beasts
  3 ogres
  2 centaurs
  2 bullfrogs (D:7)
  A wyvern skeleton (D:7)
  A scorpion (D:8)
  2 crimson imps
  A jelly (D:8)
  A centaur zombie (Ossuary)
  4 orc priests
  3 hounds
  2 human zombies (Ossuary)
  An iron imp (D:6)
  6 orc wizards
  3 iguanas
  7 worker ants
  A big kobold zombie (Ossuary)
  A hound zombie (Ossuary)
  A hound skeleton (D:6)
  4 mummies
  11 adders
  2 shadow imps
  An ooze (D:5)
  2 adder skeletons
  4 adder zombies (Ossuary)
  3 worms
  2 dart slugs
  33 orcs
  11 bats
  3 giant cockroaches
  6 goblins
  7 hobgoblins
  9 jackals
  2 quokkas
  8 frilled lizards
  4 gnoll zombies (Ossuary)
  7 goblin zombies (Ossuary)
  5 hobgoblin zombies (Ossuary)
  A jackal zombie (Ossuary)
  9 kobolds
  3 kobold zombies (Ossuary)
  A leopard gecko skeleton (D:4)
  A leopard gecko zombie (D:8)
  4 orc zombies
  2 quokka zombies
  5 rats
  5 rat zombies (Ossuary)
207 creatures vanquished.

Notes
Turn   | Place    | Note
-------+----------+-------------------------------------------
     0 | D:1      | Roran the Centaur Fighter began the quest for the Orb.
     0 | D:1      | Reached XP level 1. HP: 19/19 MP: 1/1
   263 | D:1      | Reached XP level 2. HP: 24/26 MP: 2/2
  1027 | D:2      | Reached XP level 3. HP: 24/31 MP: 3/3
  1411 | D:2      | Found a sacrificial altar of Ru.
  2255 | D:3      | Reached XP level 4. HP: 21/38 MP: 4/4
  3009 | D:4      | Gained mutation: Scrolls take you a little longer to read.
                  | [potion of mutation]
  3009 | D:4      | Gained mutation: Scrolls take you longer to read. [potion
                  | of mutation]
  3009 | D:4      | Gained mutation: You are partially covered in large bone
                  | plates. (SH +4) [potion of mutation]
  3009 | D:4      | Gained mutation: Your movements are slightly less
                  | encumbered by armour. (ER -2) [potion of mutation]
  3075 | D:4      | Found a sand-covered staircase.
  3080 | D:4      | Reached skill level 3 in Shields
  3083 | Ossuary  | Entered an ossuary
  3185 | Ossuary  | Reached XP level 5. HP: 30/45 MP: 5/5
  3638 | Ossuary  | Reached XP level 6. HP: 42/51 MP: 6/6
  4060 | D:4      | Reached skill level 4 in Shields
  4245 | D:4      | Found an iron altar of Okawaru.
  4395 | D:4      | Became a worshipper of Warmaster Okawaru
  4420 | D:5      | Entered Level 5 of the Dungeon
  4441 | D:5      | Reached XP level 7. HP: 49/57 MP: 7/7
  4768 | D:5      | Reached skill level 5 in Long Blades
  5359 | D:5      | Reached * piety under Okawaru
  5359 | D:5      | Reached skill level 5 in Shields
  5609 | D:6      | Reached XP level 8. HP: 63/63 MP: 8/8
  5789 | D:6      | Found a shattered altar of Ashenzari.
  6193 | D:6      | Found a shadowy altar of Dithmenos.
  6534 | D:6      | Found a snail-covered altar of Cheibriados.
  6698 | D:6      | Found Zin's Purification Station.
  6703 | D:6      | Found a glowing silver altar of Zin.
  6707 | D:6      | Bought 2 potions of curing for 180 gold pieces
  6962 | D:7      | Reached skill level 6 in Shields
  6970 | D:7      | Reached ** piety under Okawaru
  7097 | D:7      | HP: 3/63 [orc priest/divine providence (13)]
  7570 | D:7      | Reached skill level 7 in Shields
  7882 | D:7      | Found a hide-covered altar of Uskayaw.
  8076 | D:7      | Found a staircase to the Ecumenical Temple.
  8284 | D:8      | Found a staircase to the Lair.
  8312 | D:8      | Reached XP level 9. HP: 63/70 MP: 9/9
  8484 | D:8      | Reached *** piety under Okawaru
  8538 | D:8      | Noticed Joseph
  8790 | D:7      | Reached skill level 8 in Shields
  8849 | D:8      | Killed Joseph
  8849 | D:8      | Reached **** piety under Okawaru
  8889 | D:8      | Found a radiant altar of Vehumet.
  9187 | D:8      | Reached skill level 9 in Shields
  9234 | D:8      | HP: 1/70 [hornet (4)]
  9237 | D:8      | Mangled by a hornet

Levels and vault maps discovered:
D:1:      lemuel_arrival_cross, layout_loops_corners, minmay_shallow_snake_nest
D:2:      layout_loops_corners, first_ration, nicolae_ru_awakened_eye
D:3:      layout_basic
D:4:      layout_loops_ring, okawaru_metal_pillars_1_2,
          nicolae_ossuary_entry_giza
D:5:      layout_loops_cross
D:6:      layout_cave_pods, slow_altar_1, nicolae_overflow_crystal_walls,
          zin_purify, nicolae_dithmenos_shadow_blocks
D:7:      layout_loops_ring, lemuel_round_altar, minmay_temple_entry_fiery
D:8:      layout_basic, dpeg_oklobed_lair, minmay_misc_feat_enclosed,
          hangedman_pestilent_swarm, roderic_batcave,
          chequers_serial_rivers_micro_e, vehumet_altar_wand_db, uniq_joseph

Skill      XL: |  1  2  3  4  5  6  7  8  9 |
---------------+----------------------------+-----
Long Blades    | 2 3 4 6 |  6.5
Shields        | 3 4 5 7 9 |  9.2
Fighting       | |  3.2
Armour         | |  2.5
Dodging        | |  0.1

Action                   |  1- 3 |  4- 6 |  7- 9 || total
-------------------------+-------+-------+-------++-------
Melee: Long sword        |   111 |   246 |   424 ||   781
       Kick              |    13 |    73 |   100 ||   186
Evoke: Wand              |       |       |     4 ||     4
  Use: Scroll            |       |    15 |    10 ||    25
       Potion            |       |     3 |     7 ||    10
  Eat: Chunk             |     3 |     3 |    14 ||    20
       Ration            |       |     1 |       ||     1
Armor: Scale mail        |    70 |    91 |   127 ||   288
Dodge: Dodged            |    27 |    48 |   104 ||   179
Block: Shield            |    55 |   157 |   377 ||   589
       Rpst.: Long sword |     9 |    14 |    26 ||    49

Table legend:
 A = Non-vault XP
 B = Vault XP
 C = Vault XP percentage of total XP
 D = Non-vault monster count
 E = Vault monster count
 F = Vault count percentage of total count
                 A         B        C        D         E       F
            +---------+---------+-------+---------+---------+-------
      Total |    3576 |    1017 |  22.1 |     151 |      56 |  27.1
            +---------+---------+-------+---------+---------+-------
        D:1 |      38 |       0 |   0.0 |      21 |       0 |   0.0
        D:2 |      23 |       0 |   0.0 |       9 |       0 |   0.0
        D:3 |      54 |       0 |   0.0 |      18 |       0 |   0.0
        D:4 |     269 |      20 |   6.9 |      25 |       3 |  10.7
        D:5 |     632 |       0 |   0.0 |      20 |       0 |   0.0
        D:6 |     472 |      40 |   7.8 |      20 |       1 |   4.8
        D:7 |     991 |       0 |   0.0 |      20 |       0 |   0.0
        D:8 |    1097 |     679 |  38.2 |      18 |      12 |  40.0
    Ossuary |       0 |     278 | 100.0 |       0 |      40 | 100.0
            +---------+---------+-------+---------+---------+-------
